 Seeded DCSS version 0.29.1-1-gd02db6906a (webtiles) character file.

Game seed: 20221004 (custom seed)

12692 a11behringer the Cleaver (level 11, -1/89 HPs)
             Began as a Palentonga Berserker on Oct 4, 2022.
             Was a High Priest of Trog.
             Slain by a boulder beetle (3 damage)
             ... on level 12 of the Dungeon.
             The game lasted 00:37:56 (12524 turns).

a11behringer the Cleaver (Palentonga Berserker)    Turns: 12524, Time: 00:37:57

Health: -1/89      AC: 32    Str: 29    XL:     11   Next: 65%
Magic:  0/11       EV:  7    Int: 14    God:    Trog [*****.]
Gold:   838        SH: 10    Dex: 11    Spells: 10/10 levels left

rFire   . . .      SeeInvis +   R - +6 hand axe of Somewhere Else {spect, rC+ rCorr Int+4 Dex+2}
rCold   + . .      Faith    .   G - +1 kite shield
rNeg    . . .      Spirit   +   M - +2 steam dragon scales
rPois   .          Reflect  .   O - +0 helmet
rElec   +          Harm     .   t - +0 cloak
rCorr   +          Rampage  .   j - +0 pair of gloves
Will    .....                   c - +4 barding of Conscience {*Corrode rElec Str+2 Int+2}
Stlth   +.........              K - amulet of guardian spirit
HPRegen 0.24/turn               U - +4 ring of protection
MPRegen 0.12/turn               (no ring)

@: mighty, about to teleport, on berserk cooldown, slowed, curled up, very slow
A: large, rugged brown scales 3, see invisible, deformed body, roll 1, armoured
tail, reflexive curl
a: Rolling Charge, Renounce Religion, Berserk, Trog's Hand, Brothers in Arms


You were on level 12 of the Dungeon.
You worshipped Trog.
Trog was extremely pleased with you.
You visited 1 branch of the dungeon, and saw 12 of its levels.

You collected 838 gold pieces.

Inventory:

Hand Weapons
 n - a +1 spear of flaming
 E - a +4 war axe
 N - a +0 shortbow
 Q - a +0 broad axe
 R - the +6 hand axe of Somewhere Else (weapon) {spect, rC+ rCorr Int+4 Dex+2}
   (You found it on level 7 of the Dungeon)

   When its wielder attacks, the weapon's spirit leaps out and strikes again.
   The spirit shares a part of any damage it takes with its wielder.
   Int:       It affects your intelligence (+4).
   Dex:       It affects your dexterity (+2).
   rC:        It protects you from cold.
   rCorr:     It protects you from acid and corrosion.
Missiles
 B - 47 poisoned darts
Armour
 b - a +0 troll leather armour
 c - the +4 barding of Conscience (worn) {*Corrode rElec Str+2 Int+2}
   (You acquired it on level 8 of the Dungeon)

   Str:       It affects your strength (+2).
   Int:       It affects your intelligence (+2).
   rElec:     It insulates you from electricity.
   *Corrode:  It may corrode you when you take damage.
 j - a +0 pair of gloves (worn)
 q - a +1 chain mail of fire resistance
 t - a +0 cloak (worn)
 G - a +1 kite shield (worn)
 J - a +2 leather armour of positive energy
 M - +2 steam dragon scales (worn)
 O - a +0 helmet (worn)
Jewellery
 a - an amulet of the acrobat
 K - an amulet of guardian spirit (around neck)
 U - a +4 ring of protection (left hand)
Wands
 g - a wand of flame (7)
 l - a wand of quicksilver (21)
 D - a wand of roots (5)
 S - a wand of charming (8)
Scrolls
 d - 2 scrolls of magic mapping
 e - 2 scrolls of teleportation
 f - 2 scrolls of fear
 h - 2 scrolls of fog
 p - a scroll of enchant weapon
 y - a scroll of brand weapon {unknown}
 A - a scroll of blinking
 I - a scroll of poison
Potions
 i - 2 potions of magic
 k - 2 potions of flight
 m - 2 potions of ambrosia
 o - 3 potions of mutation
 r - 2 potions of brilliance
 u - 4 potions of curing
 v - a potion of heal wounds {unknown}
 w - 2 potions of invisibility
 x - 3 potions of might
 z - 4 potions of attraction
 C - a potion of haste {unknown}
 L - a potion of lignification {unknown}
 T - a potion of resistance {unknown}
Miscellaneous
 s - a lightning rod (4/4)


   Skills:
 + Level 7.4 Fighting
 * Level 14.1 Axes
 - Level 0.7(8.3) Polearms
 + Level 4.8 Armour
 + Level 4.6 Dodging
 - Level 1.0 Stealth
 + Level 5.7 Shields
 * Level 3.0 Evocations


You had 10 spell levels left.
You didn't know any spells.
Your spell library was empty.

Dungeon Overview and Level Annotations

Branches:
Dungeon (12/15)            Temple (0/1) D:6            Lair (0/5) D:10
    Orc (0/2) D:10

Altars:
Dithmenos
Fedhas
Kikubaaqudgha
Makhleb
Nemelex Xobeh
Okawaru
Ru
Sif Muna
Trog
The Shining One
Lugonu

Portals:
Abyss: D:5

Annotations:
D:7 2 transporters, exclusion: ice statue, Sinveran's ghost, novice BaFi


Innate Abilities, Weirdness & Mutations

You are completely covered in rugged brown scales. (AC +3, +7% HP)
You have supernaturally acute eyesight. (SInv)
Armour fits poorly on your strangely shaped body.
You can roll at nearby foes to attack.
You have a long armoured tail.
You curl defensively after being hit. (AC +7*)


Message History

You block the boulder beetle's attack.
You hit the boulder beetle.
You tail-slap the boulder beetle, but do no damage.
The boulder beetle is lightly wounded.
You hit the boulder beetle but do no damage.
Your +6 hand axe of Somewhere Else {spect, rC+ rCorr Int+4 Dex+2} hits the boulder beetle!
Your +6 hand axe of Somewhere Else {spect, rC+ rCorr Int+4 Dex+2} hits the boulder beetle but does no damage.
The boulder beetle leaps!
The boulder beetle bites you.
The boulder beetle curls into a ball and begins rolling!
The boulder beetle bites you but does no damage.
You see here a scroll of enchant weapon.
You hit the boulder beetle.
The boulder beetle is moderately wounded.
Your +6 hand axe of Somewhere Else {spect, rC+ rCorr Int+4 Dex+2} hits the boulder beetle.
The boulder beetle bites you!!
You hit the boulder beetle.
The boulder beetle is moderately wounded.
Your +6 hand axe of Somewhere Else {spect, rC+ rCorr Int+4 Dex+2} hits the boulder beetle but does no damage.
You block the boulder beetle's attack. The boulder beetle bites you.
You hit the boulder beetle.
The boulder beetle is moderately wounded.
You hit the boulder beetle but do no damage.
Your +6 hand axe of Somewhere Else {spect, rC+ rCorr Int+4 Dex+2} hits the boulder beetle but does no damage.
The boulder beetle hits you!!!
Ouch! That really hurt!
* * * LOW HITPOINT WARNING * * *
The boulder beetle stops rolling and uncurls.
You block the boulder beetle's attack.
Unknown command.
You feel very mighty all of a sudden. The boulder beetle bites you.
* * * LOW HITPOINT WARNING * * *
You block the boulder beetle's attack.
The boulder beetle bites you but does no damage.
As you read the scroll of teleportation, it crumbles to dust.
You feel strangely unstable.
The boulder beetle waves its antennae.
The boulder beetle bites you but does no damage.
The boulder beetle bites you.
You die...

#.....# #.....# #.#
#.....# #.#
#.....#####.#######
#..................
#..................
####..................
#.............B.......
######.......B@.......
#......<.........
##.....####+#.....
#......# .... #......#
... ###....# ..
#....##+## .
#......... #.........


You could see 2 boulder beetles.

Vanquished Creatures
  A hydra (D:11)
  A boulder beetle (D:12)
  2 rust devils (D:7)
  A gargoyle (D:10)
  Maggie (D:6)
  Psyche (D:9)
  5 trolls
  A hornet (D:9)
  Sigmund (D:6)
  10 yaks
  2 basilisks (D:10)
  A wraith (D:10)
  A wyvern (D:10)
  Menkaure (D:7)
  9 water moccasins
  3 black bears
  5 orc warriors
  5 centaurs
  3 wolves (D:10)
  A phantom (D:4)
  Blork the orc (D:4)
  4 kobold brigands
  5 bullfrogs
  5 scorpions
  2 gnoll sergeants
  3 necrophages
  12 wights
  11 killer bees
  2 electric eels (D:11)
  8 howler monkeys
  4 hounds
  7 orc priests
  3 jellies
  A gnoll bouda (D:5)
  Jessica (D:2)
  4 iguanas
  15 orc wizards
  Natasha (thrice) (D:2)
  12 gnolls
  7 adders
  An ufetubus (D:4)
  5 worms
  3 dart slugs
  33 orcs
  6 ball pythons
  11 endoplasms
  3 giant cockroaches
  6 hobgoblins
  4 jackals (D:4)
  8 quokkas
  3 bats
  7 frilled lizards
  11 goblins
  19 kobolds
  11 rats
296 creatures vanquished.

Vanquished Creatures (others)
  A fungus (D:10)
  12 plants (D:10)
13 creatures vanquished.

Grand Total: 309 creatures vanquished

Notes
Turn   | Place    | Note
-------+----------+-------------------------------------------
     0 | D:1      | a11behringer the Palentonga Berserker began the quest for
                  | the Orb.
     0 | D:1      | Reached XP level 1. HP: 19/19 MP: 1/1
   156 | D:1      | Reached XP level 2. HP: 23/25 MP: 2/2
   592 | D:1      | Reached ** piety under Trog
   756 | D:1      | Reached XP level 3. HP: 26/31 MP: 3/3
  1151 | D:2      | Found a faded altar of an unknown god.
  1156 | D:2      | Noticed Natasha
  1166 | D:2      | Killed Natasha
  1167 | D:2      | Reached skill level 4 in Axes
  1408 | D:2      | Reached XP level 4. HP: 25/38 MP: 4/4
  2110 | D:2      | Noticed Jessica
  2112 | D:2      | Killed Jessica
  2259 | D:2      | Reached XP level 5. HP: 28/44 MP: 5/5
  2451 | D:2      | Noticed Natasha
  2468 | D:2      | Killed Natasha
  2698 | D:2      | Noticed Natasha
  2703 | D:2      | Killed Natasha
  2704 | D:2      | Reached skill level 5 in Axes
  2780 | D:3      | Reached XP level 6. HP: 19/51 MP: 6/6
  3092 | D:3      | Identified the +0 pair of boots of Refuge {Regen+ Int+4
                  | Stlth-}
  3498 | D:3      | Found an iron altar of Okawaru.
  3595 | D:3      | Reached skill level 1 in Stealth
  3596 | D:3      | Reached *** piety under Trog
  3890 | D:4      | Noticed Blork the orc
  3903 | D:4      | Killed Blork the orc
  3904 | D:4      | Reached skill level 6 in Axes
  3979 | D:4      | Gained mutation: You curl defensively after being hit. (AC
                  | +7*) [Palentonga growth]
  3979 | D:4      | Reached XP level 7. HP: 14/57 MP: 7/7
  5010 | D:4      | Noticed a moth of wrath
  5012 | D:4      | Found a bloodstained altar of Trog.
  5139 | D:5      | Entered Level 5 of the Dungeon
  5189 | D:5      | Found a sparkling altar of Nemelex Xobeh.
  5265 | D:5      | Reached skill level 7 in Axes
  5486 | D:5      | Found a large runed translucent door.
  5486 | D:5      | Found a large runed translucent door.
  5487 | D:5      | Found a corrupted altar of Lugonu.
  5508 | D:5      | Reached XP level 8. HP: 57/65 MP: 8/8
  5635 | D:5      | Reached skill level 1 in Shields
  5885 | D:5      | Found a one-way gate to the infinite horrors of the Abyss.
  6007 | D:5      | Identified the +5 short sword "Q" {distort, rC+ Will+}
  6018 | D:5      | Reached skill level 8 in Axes
  6151 | D:6      | Noticed Maggie
  6162 | D:6      | Killed Maggie
  6255 | D:6      | Reached skill level 5 in Fighting
  6255 | D:6      | Reached skill level 9 in Axes
  6744 | D:6      | Reached XP level 9. HP: 36/69 MP: 9/9
  6992 | D:6      | Noticed Sigmund
  7000 | D:6      | Killed Sigmund
  7057 | D:6      | Found a staircase to the Ecumenical Temple.
  7534 | D:6      | Reached skill level 10 in Axes
  7807 | D:7      | Found a shadowy altar of Dithmenos.
  7892 | D:7      | Noticed Sinveran's ghost (novice BaFi)
  7908 | D:7      | Identified the +6 hand axe of Somewhere Else {spect, rC+
                  | rCorr Int+4 Dex+2}
  7909 | D:7      | Noticed an unseen horror
  7954 | D:7      | Found a sacrificial altar of Ru.
  8301 | D:7      | Found a transporter.
  8307 | D:7      | Noticed an ice statue
  8559 | D:7      | Reached skill level 11 in Axes
  8685 | D:7      | Noticed Menkaure
  8689 | D:7      | Killed Menkaure
  8691 | D:7      | Found a transporter.
  8799 | D:8      | Reached **** piety under Trog
  8886 | D:8      | Identified a scroll of acquirement
  8886 | D:8      | Acquired the +4 barding of Conscience {*Corrode rElec Str+2
                  | Int+2}
  8977 | D:8      | Reached XP level 10. HP: 71/81 MP: 8/10
  9320 | D:7      | Noticed a rust devil
  9320 | D:7      | Noticed a rust devil
  9327 | D:7      | Killed a rust devil
  9330 | D:7      | Reached skill level 12 in Axes
  9333 | D:7      | Killed a rust devil
  9672 | D:9      | Found an ancient bone altar of Kikubaaqudgha.
  9687 | D:9      | Noticed Psyche
  9693 | D:9      | Killed Psyche
  9820 | D:9      | Reached skill level 13 in Axes
  9829 | D:9      | Reached skill level 1 in Evocations
  9987 | D:9      | Reached XP level 11. HP: 88/88 MP: 11/11
 10496 | D:10     | Entered Level 10 of the Dungeon
 10552 | D:10     | Found a shimmering blue altar of Sif Muna.
 10571 | D:10     | Found a glowing golden altar of the Shining One.
 10577 | D:10     | Found a burning altar of Makhleb.
 10675 | D:10     | Found a staircase to the Lair.
 10681 | D:10     | Reached ***** piety under Trog
 10687 | D:10     | Reached skill level 5 in Shields
 10835 | D:10     | Found a blossoming altar of Fedhas.
 11121 | D:10     | Found a staircase to the Orcish Mines.
 11246 | D:11     | Noticed a five-headed hydra
 11298 | D:11     | Killed a five-headed hydra
 11299 | D:11     | Reached skill level 14 in Axes
 11684 | D:11     | Identified the +7 rapier of Tihikh {speed, Will+ Dex+4}
 12054 | D:11     | Identified the +1 robe of Veolijov {+Blink rF+}
 12477 | D:12     | Noticed a boulder beetle
 12503 | D:12     | Killed a boulder beetle
 12511 | D:12     | Noticed a boulder beetle
 12514 | D:12     | Noticed a boulder beetle
 12522 | D:12     | HP: 4/89 [boulder beetle (46)]
 12524 | D:12     | Slain by a boulder beetle

Illustrated notes

Levels and vault maps discovered:
D:1:      psy_arrival_radial01, layout_basic
D:2:      layout_loops_ring, nicolae_ecumenical_pavilion,
          guppyfry_early_orc_mine, uniq_jessica, uniq_natasha
D:3:      minmay_chambers_of_threes, layout_basic, mainiacjoe_overflow_chevrons,
          dk_noncrumbling_3, dreamdust_princess_corridor
D:4:      layout_basic, tgw_trog, uniq_blork_the_orc
D:5:      due_chaos_kobolds, layout_gridville, mainiacjoe_overflow_boulevard
D:6:      layout_loops_corners, minmay_temple_entry_sparse_star, uniq_sigmund,
          uniq_maggie
D:7:      cheibrodos_iron_armory, layout_rooms, amcnicky_altar_gilded,
          nicolae_ru_awakened_eye, nzn_ghost_randoct,
          kennysheep_opposing_triangles, uniq_menkaure
D:8:      layout_gridville
D:9:      layout_gridville, nicolae_kikubaaqudgha_miasma_corner, uniq_psyche
D:10:     layout_roguey, kennysheep_mini_moat, minitemple,
          minmay_lair_entry_grove, orc_0_dummy
D:11:     layout_basic, serial_glass, glass_columns_b, glass_columns_c,
          item_on_display_a, minmay_strange_pillars
D:12:     layout_irregular_city

Skill      XL: |  1  2  3  4  5  6  7  8  9 10 11 |
---------------+----------------------------------+-----
Axes           | 4 5 6 7 9 11 13 14 | 14.1
Dodging        | 2 3 4 |  4.6
Fighting       | 4 5 6 7 |  7.4
Stealth        | 1 |  1.0
Armour         | 2 3 4 |  4.8
Shields        | 2 3 4 5 |  5.7
Evocations     | 1 3 |  3.0
Polearms       | |  0.7

Action                   |  1- 3 |  4- 6 |  7- 9 | 10-12 || total
-------------------------+-------+-------+-------+-------++-------
Melee: Hand axe          |    87 |   227 |    57 |   191 ||   562
       Tailslap          |     4 |    22 |    27 |    39 ||    92
       Punch             |     2 |     5 |       |       ||     7
       War axe           |       |       |   175 |       ||   175
       Spear             |       |       |       |    16 ||    16
Invok: Berserk           |       |     5 |     5 |     6 ||    16
       Trog's Hand       |       |     1 |     3 |     5 ||     9
 Abil: Rolling Charge    |       |     1 |       |       ||     1
  Use: Scroll            |       |       |    17 |     8 ||    25
       Potion            |       |       |       |     1 ||     1
 Stab: Sleeping          |       |     3 |     1 |     1 ||     5
       Distracted        |       |       |       |     5 ||     5
Armor: Animal skin       |    23 |    53 |       |       ||    76
       Ring mail         |       |    42 |    48 |       ||    90
       Steam dragon scal |       |       |    45 |   119 ||   164
Dodge: Dodged            |    40 |   102 |   105 |    59 ||   306
Block: Buckler           |       |       |    25 |     6 ||    31
       Kite shield       |       |       |       |    84 ||    84
